 Dungeon Crawl Stone Soup version 0.31-a0-1-g4198be8af4 (webtiles) character file.

Game seed: 7381550028734562054

49 holysushi the Cudgeller (level 3, -1/23 HPs)
             Began as a Gargoyle Monk on Apr 30, 2023.
             Slain by a gnoll
             ... wielding a +2 halberd of flaming
              (5 damage)
             ... on level 2 of the Dungeon.
             The game lasted 00:01:44 (936 turns).

holysushi the Cudgeller (Gargoyle Monk)              Turns: 936, Time: 00:01:45

Health: -1/23      AC:  9    Str: 14    XL:     3   Next: 77%
Magic:  3/3        EV: 12    Int: 10    God:
Gold:   97         SH:  0    Dex: 14    Spells: 2/2 levels left

rFire   . . .        a - +0 mace
rCold   . . .        d - orb {light}
rNeg    + . .        b - +0 robe
rPois   ∞            (no helmet)
rElec   +            (no cloak)
rCorr   .            (no gloves)
SInv    .            (no boots)
Will    .....        (no amulet)
Stlth   +            q - +4 ring of protection
HPRegen 0.23/turn    (no ring)
MPRegen 0.08/turn

%: no passive effects
@: glowing
A: sickness immunity, AC +3, negative energy resistance 1, electricity
resistance, torment resistance 1, petrification resistance
a: no special abilities


You were on level 2 of the Dungeon.
You visited 1 branch of the dungeon, and saw 2 of its levels.

You collected 97 gold pieces.

Inventory:

Hand Weapons
 a - a +0 mace (weapon)
Armour
 b - a +0 robe (worn)
 d - an orb of light (worn)
Jewellery
 q - a +4 ring of protection (left hand)
Scrolls
 e - 2 scrolls of identify {unknown}
 f - a scroll of fog {unknown}
 i - a scroll of amnesia {unknown}
 j - 2 scrolls of immolation {unknown}
 l - a scroll of poison {unknown}
 m - 2 scrolls of teleportation {unknown}
 p - a scroll of fear {unknown}
 u - a scroll of noise {unknown}
Potions
 c - a potion of ambrosia
 g - a potion of cancellation {unknown}
 h - a potion of brilliance {unknown}
 k - 3 potions of heal wounds {unknown}
 n - a potion of lignification {unknown}
 o - a potion of flight {unknown}
 r - a potion of mutation {unknown}
 s - a potion of resistance {unknown}
 t - 2 potions of curing {unknown}
 v - a potion of attraction {unknown}
 w - a potion of haste {unknown}


   Skills:
 - Level 3.2 Fighting
 + Level 4.6 Maces & Flails
 - Level 2.4 Dodging


You had 2 spell levels left.
You didn't know any spells.
Your spell library contained the following spells:

 Spells                   Type           Power      Damage    Failure   Level
 Ignite Poison            Fire/Tmut/Pois 0%         N/A       75%         3
 Stone Arrow              Conj/Erth      0%         3d7       75%         3
 Animate Armour           Summ/Erth      0%         N/A       98%         4
 Freezing Cloud           Conj/Ice/Air   0%         6-21      100%        5
 Lehudib's Crystal Spear  Conj/Erth      0%         10d2      100%        8
 Cigotuvi's Dreadful Rot  Necr/Pois/Air  Unusable   N/A       N/A         2

Dungeon Overview and Level Annotations

Branches:
Dungeon (2/15) Zot: 11045

Altars:


Innate Abilities, Weirdness & Mutations

You are immune to sickness and miasma.
Your stone body is resilient. (AC +3)
You are immune to poison.
You resist negative energy. (rN+)
You are resistant to electric shocks. (rElec)
You are resistant to unholy torment.
You are immune to petrification.


Message History

w - a grey potion
Found a stone staircase leading up.
No target in view!
You now have 97 gold pieces (gained 8).
You open the door.
There is an open door here.
As you open the door, it creaks loudly!
You hear a shout! x2
No target in view! 2 gnolls come into view.
The gnoll shouts!
A gnoll comes into view. It is wielding a +2 halberd of flaming.
There is an open door here.
There are monsters nearby!
There are monsters nearby!
You sock the gnoll!
The gnoll is severely wounded.
The gnoll closely misses you. The gnoll barely misses you.
The gnoll hits you from afar with a +2 halberd of flaming.
The gnoll burns you.
You hit the gnoll.
The gnoll is almost dead.
The gnoll closely misses you. The gnoll barely misses you. x2
The gnoll attacks as you move away! The gnoll hits you but does no damage.
There is an open door here.
You hit the gnoll.
The gnoll is heavily wounded.
The gnoll barely misses you.
You hit the gnoll.
The gnoll is heavily wounded.
The gnoll barely misses you. x2
You hit the gnoll.
You kill the gnoll!
The gnoll barely misses you.
You sock the gnoll!
You kill the gnoll!
The gnoll hits you with a +2 halberd of flaming!
Ouch! That really hurt!
* * * LOW HITPOINT WARNING * * *
The gnoll burns you.
You die...

.+# +.# ###..## #.#..
#.###...# #.#.+##
#.##..## #.#.#..
#......#### ###.#.#.#
#..###..... #...#.#.##.#
#.## #####. ##.#.#.#.gg.#
#.# ##
#....#.g####+.#.###
#....#.)@.....#...#
#....'########+.#.#######
#...............#..†.....
#<....#...#######....####
#######...##########.....
###......######....
######...........
#######..... #.....


You could see a gnoll.

Vanquished Creatures
  2 gnolls (D:2)
  A dart slug (D:1)
  5 ball pythons
  3 endoplasms
  2 giant cockroaches
  2 goblins (D:1)
  5 hobgoblins
  2 kobolds
  6 quokkas (D:2)
  A bat (D:1)
  3 frilled lizards
  4 rats
36 creatures vanquished.

Notes
Turn   | Place    | Note
-------+----------+-------------------------------------------
     0 | D:1      | holysushi the Gargoyle Monk began the quest for the Orb.
     0 | D:1      | Reached XP level 1. HP: 14/14 MP: 1/1
   147 | D:1      | Reached XP level 2. HP: 15/19 MP: 2/2
   232 | D:1      | Found a faded altar of an unknown god.
   378 | D:1      | Reached skill level 4 in Maces & Flails
   464 | D:1      | Reached XP level 3. HP: 23/23 MP: 3/3
   936 | D:2      | Slain by a gnoll

Illustrated notes

Levels and vault maps discovered:
D:1:      roderic_dead_forest, layout_rooms, ebering_ecumenical_altar_abandoned,
          minmay_hedge_maze
D:2:      layout_rooms, minivault_11

Skill      XL: |  1  2 |
---------------+-------+-----
Maces & Flails | 4 |  4.6
Fighting       | |  3.2
Dodging        | |  2.4

Action                     || total
---------------------------++-------
  Melee: Mace              ||    91
 Armour: Robe              ||    31
  Dodge: Dodged            ||    73

Table legend: (Time is in decaauts)
 A = Elapsed time spent in this place.
 B = Non-inter-level travel time spent in this place.
 C = Inter-level travel time spent in this place.
 D = Time resting spent in this place.
 E = Time spent auto-exploring this place.
 F = Levels seen in this place.
 G = Mean time per level.
                   A        B        C        D        E       F      G
               +--------+--------+--------+--------+--------+-----+--------+
         Total |    953 |    928 |     25 |     41 |    578 |   2 |  476.5 |
       Dungeon |    953 |    928 |     25 |     41 |    578 |   2 |  476.5 |
               +--------+--------+--------+--------+--------+-----+--------+

Top non-repeatable levels by time:
     D:1: 571 daAuts
     D:2: 381 daAuts
